 Dungeon Crawl Stone Soup version 0.31.0-11-ge490571c62 (webtiles) character file.

Game seed: 526689860326356939

282604 jestert79 the Black Belt (level 20, -2/205 HPs)
             Began as a Merfolk Shapeshifter on Jan 27, 2024.
             Was the Champion of Kikubaaqudgha.
             Slain by a +5 heavy glaive (18 damage)
             ... on level 2 of the Elven Halls.
             The game lasted 03:21:58 (43886 turns).

jestert79 the Black Belt (Merfolk Shapeshifter)    Turns: 43886, Time: 03:21:59

Health: -2/205     AC: 41    Str: 15    XL:     20   Next: 53%
Magic:  27/29      EV: 22    Int: 13    God:    Kikubaaqudgha [******]
Gold:   771        SH: 10    Dex: 24    Spells: 11/31 levels left

rFire   + .          .
                       - Unarmed
rCold   + . .        W - +2 buckler
rNeg    + + .        x - melded +3 leather armour of Least Resistance {Dex+2 Stlth+}
rPois   ∞            Y - +2 helmet
rElec   +            X - scarf {rC+ rF+}
rCorr   .            (gloves currently unavailable)
SInv    +            (boots currently unavailable)
Will    ++++.        Q - amulet of the Four Winds {rN+ Will+++ Clar}
Stlth   +++          v - ring of see invisible
HPRegen 0.54/turn    a - +6 ring of dexterity
MPRegen 0.21/turn

%: clarity
@: ice-armoured, statue-form, very slow
A: slow and powerful, torment resistance 1, boosted hp, (nimble swimmer 2),
mertail
}: 2/15 runes: serpentine, barnacled
a: Begin Untransformation, Renounce Religion, Unearth Wretches, Torment, Brand
Weapon With Pain, Receive Forbidden Knowledge


You were on level 2 of the Elven Halls.
You worshipped Kikubaaqudgha.
Kikubaaqudgha was exalted by your worship.
You were a living statue of rough stone.
You visited 8 branches of the dungeon, and saw 34 of its levels.
You also visited: Sewer and Ice Cave.

You collected 3597 gold pieces.
You spent 2826 gold pieces at shops.

Inventory:

Hand Weapons
 R - a -1 demon whip of venom
Missiles
 d - 4 throwing nets
 z - 2 curare-tipped darts (quivered)
Armour
 x - the +3 leather armour of Least Resistance (melded) {Dex+2 Stlth+}
   (You took it off an orc on level 8 of the Dungeon)

   Dex+2:     It affects your dexterity (+2).
   Stlth+:    It makes you more stealthy.
 W - a +2 buckler (worn)
 X - a scarf of resistance (worn)
 Y - a +2 helmet (worn)
 Z - a +1 kite shield of fire resistance
Jewellery
 a - a +6 ring of dexterity (right fist)
 k - the ring "Arisko" {Fire Str+2}
   (You found it on level 1 of the Vaults)

   [ring of fire]

   Fire:      It enhances your fire magic.
   Str+2:     It affects your strength (+2).
   rF+:       It protects you from fire.
   rC-:       It makes you vulnerable to cold.
 s - a ring of protection from cold
 v - a ring of see invisible (left fist)
 D - a ring of protection from fire
 F - a ring of positive energy
 Q - the amulet of the Four Winds (around neck) {rN+ Will+++ Clar}
   (You bought it in a shop on level 2 of the Orcish Mines)

   [amulet of nothing]

   rN+:       It protects you from negative energy.
   Will+++:   It greatly increases your willpower.
   Clar:      It protects you from confusion, rage, mesmerisation and fear.
 V - the amulet of Zuviec {Reflect Dex+2 SH+5}
   (You bought it in a shop on level 2 of the Snake Pit)

   [amulet of reflection]

   Reflect:   It reflects blocked missile attacks.
   Dex+2:     It affects your dexterity (+2).
   SH+5:      It affects your SH (+5).
Talismans
 r - a granite talisman (active)
 O - a storm talisman
Wands
 h - a wand of acid (15)
 i - a wand of roots (26)
 A - a wand of mindburst (17)
 C - a wand of digging (9)
 I - a wand of charming (9)
Scrolls
 c - 3 scrolls of amnesia
 e - a scroll of summoning
 f - 4 scrolls of teleportation
 g - 3 scrolls of fog
 j - a scroll of poison
 l - 5 scrolls of blinking
 y - 4 scrolls of vulnerability
 B - 3 scrolls of fear
 G - 2 scrolls of torment
 J - a scroll of silence
 L - 2 scrolls of immolation
 P - a scroll of revelation
 T - 12 scrolls of identify
Potions
 b - 5 potions of lignification
 m - 6 potions of curing
 n - 3 potions of mutation
 o - 3 potions of magic
 p - 4 potions of brilliance
 q - 3 potions of heal wounds
 t - 2 potions of attraction
 u - a potion of enlightenment
 w - 2 potions of might
 E - 2 potions of resistance
 H - 4 potions of cancellation
 N - 10 potions of ambrosia
 U - 2 potions of haste
Miscellaneous
 K - a sack of spiders
 S - a phantom mirror


   Skills:
 + Level 13.7 Fighting
 - Level 12.0 Dodging
 - Level 5.0 Stealth
 + Level 10.9 Shields
 + Level 18.9 Unarmed Combat
 - Level 6.0 Spellcasting
 - Level 7.6 Conjurations
 - Level 10.0 Necromancy
 - Level 5.0 Translocations
 - Level 11.6 Ice Magic
 - Level 8.4 Air Magic
 + Level 18.7 Shapeshifting


You had 11 spell levels left.
You knew the following spells:

 Your Spells              Type           Power      Damage    Failure   Level
a - Animate Dead          Necr           30%        N/A       3%          4
b - Ozocubu's Armour      Ice            34%        N/A       1%          3
c - Freezing Cloud        Conj/Ice/Air   13%        6-21      13%         5
d - Dispel Undead         Necr           30%        3d14      3%          4
e - Vhi's Electric Charg  Tloc/Air       42%        N/A       13%         4

Your spell library contained the following spells:

 Spells                   Type           Power      Damage    Failure   Level
 Kiss of Death            Conj/Necr      100%       2d13      1%          1
 Magic Dart               Conj           92%        1d7       1%          1
 Necrotise                Necr           100%       1d9       1%          1
 Shock                    Conj/Air       96%        1d9       1%          1
 Fugue of the Fallen      Necr           30%        N/A       1%          3
 Swiftness                Air            25%        N/A       1%          3
 Vampiric Draining        Necr           30%        2d8       1%          3
 Cigotuvi's Dreadful Rot  Necr/Alch/Air  38%        N/A       2%          2
 Ensorcelled Hibernation  Hex/Ice        36%        N/A       2%          2
 Blink                    Tloc           32%        N/A       3%          2
 Foxfire                  Conj/Fire      52%        2x1d6     4%          1
 Sting                    Conj/Alch      52%        1d6       4%          1
 Mercury Vapours          Alch/Air       28%        N/A       5%          2
 Summon Ice Beast         Ice/Summ       18%        N/A       5%          3
 Airstrike                Air            12%        2d(2-18)  6%          4
 Mephitic Cloud           Conj/Alch/Air  17%        N/A       7%          3
 Curse of Agony           Necr           30%        N/A       9%          5
 Iskenderun's Mystic Bla  Conj/Tloc      20%        2d6       16%         4
 Slow                     Hex            12%        N/A       21%         1
 Summon Small Mammal      Summ           12%        N/A       21%         1
 Arcjolt                  Conj/Air       12%        1d22      21%         5
 Volatile Blastmotes      Fire/Tloc      20%        2d11      22%         3
 Anguish                  Hex/Necr       8%         N/A       26%         4
 Martyr's Knell           Necr/Summ      16%        N/A       26%         4
 Passage of Golubria      Tloc           16%        N/A       26%         4
 Call Imp                 Summ           6%         N/A       30%         2
 Summon Lightning Spire   Summ/Air       14%        N/A       34%         4
 Fulminant Prism          Conj/Alch      6%         3d7       38%         4
 Death Channel            Necr           15%        N/A       45%         6
 Call Canine Familiar     Summ           3%         N/A       52%         3
 Confusing Touch          Hex            3%         N/A       52%         3
 Sigil of Binding         Hex            3%         N/A       52%         3
 Tukima's Dance           Hex            3%         N/A       52%         3
 Irradiate                Conj/Alch      6%         3d13      75%         5
 Ozocubu's Refrigeration  Ice            17%        4d11      82%         7
 Animate Armour           Summ/Erth      6%         N/A       89%         4
 Olgreb's Toxic Radiance  Alch           3%         N/A       89%         4
 Summon Blazeheart Golem  Fire/Summ      3%         N/A       89%         4
 Sculpt Simulacrum        Ice/Alch       9%         N/A       96%         6
 Lee's Rapid Deconstruct  Erth           1%         3d4*      99%         5
 Yara's Violent Unravell  Hex/Alch       1%         3d3       99%         5
 Plasma Beam              Fire/Air       7%         2x1d17    99%         6
 Starburst                Conj/Fire      6%         6d4       100%        6
 Spellforged Servitor     Conj/Summ      6%         N/A       100%        7


Dungeon Overview and Level Annotations

Branches:
Dungeon (15/15)            Temple (1/1) D:4            Lair (5/5) D:8
 Shoals (4/4) Lair:3        Snake (4/4) Lair:3        Slime (0/5) Lair:4
    Orc (2/2) D:12            Elf (2/3) Orc:2        Vaults (1/5) D:14
 Depths (0/4) D:15          Sewer (visited)           IceCv (visited)

Altars:
Ashenzari
Cheibriados
Dithmenos
Elyvilon
Fedhas
Gozag
Hepliaklqana
Kikubaaqudgha
Makhleb
Nemelex Xobeh
Okawaru
Qazlal
Ru
Sif Muna
Trog
Uskayaw
Vehumet
Wu Jian
Xom
Yredelemnul
Zin
The Shining One
Jiyva

Shops:
D:2 (   D:5 :   D:12 *   D:15 (((*   Orc:2 ((*=   Elf:1 [*!=   Snake:2 =
Snake:4 (   Vaults:1 :

Portals:
Hell: Lair:5
Trove: D:11 (give +6 demon whip)

Annotations:
D:3 1 runed translucent door, michknight7's ghost, amateur MiBe
D:10 2 transporters, puppykicker's ghost, journeyman OnSu
D:11 3 runed translucent doors, Jokingforfun's ghost, journeyman VSBr
Lair:3 1 runed translucent door, Deed's ghost, journeyman MiFi
Shoals:3 exclusion: oklob plant
Snake:1 2 runed translucent doors, Ruich's ghost, adept OnEE
Snake:3 3 runed translucent doors, croobank's ghost, adept FeSu


Innate Abilities, Weirdness & Mutations

You are a living statue of rough stone.
Your actions are slow, but your melee attacks are powerful.
You are resistant to unholy torment.
Your maximum health is greatly increased.
Your equipment is partially melded.
You are immune to poison.
((You are very nimble when in or above water. (Stealth+, EV+, Speed+++)))
Your lower body shifts to a powerful aquatic tail in water.


Message History

The +5 heavy glaive attacks as it pursues you!
The +5 heavy glaive hits you but does no damage.
The +5 heavy glaive closely misses you.
The +5 heavy glaive attacks as it pursues you!
The +5 heavy glaive hits you from afar.
* * * LOW HITPOINT WARNING * * *
The +5 heavy glaive hits you from afar!
* * * LOW HITPOINT WARNING * * *
You see here a +0 falchion.
Unknown command.
Unknown command.
Unknown command.
You see here a +2 dagger of venom.
Blink to where?
Press: ? - help, Dir - move target
As you read the scroll of blinking, it crumbles to dust.
The +5 heavy glaive attacks as it pursues you!
The +5 heavy glaive misses you.
You feel much better. You block the +5 heavy glaive's attack.
Unknown command.
Unknown command.
You block the +5 heavy glaive's attack. The +5 heavy glaive hits you!!!
* * * LOW HITPOINT WARNING * * *
Unknown command.
Unknown command.
Casting: Ozocubu's Armour (safe; 1% risk of failure)
Confirm with . or Enter, or press ? or * to list all spells.
A film of ice covers your body! The +5 heavy glaive hits you!!
* * * LOW HITPOINT WARNING * * *
Unknown command.
Unknown command.
You feel much better. The +5 heavy glaive hits you!
* * * LOW HITPOINT WARNING * * *
Unknown command.
Unknown command.
You hit the +5 heavy glaive.
The +5 heavy glaive is lightly damaged.
The +5 heavy glaive hits you!!
You die...
Kikubaaqudgha rasps: "You have failed me!
Welcome... oblivion!"

............###########....#
.)..........'..............#
...........######.#####.##.#
......)...## #.# #.##.#
#..).....## #.# #.##'###
##'#####'# #.# #.#....##
#.#####.## #.#####.#.....##
#........#######.#.....'......##
##.#####........8(......#.......'
#..# ##.##########.####.......#
#..# #.# #.# #.......# #..# #.#
#.# #..[)..## #..# #.# #)#
#.....## #### ### #(########'#
#.)....###.### #.#....##...).
#######(...##..###


You could see a +5 heavy glaive.

Vanquished Creatures
  Vashnia (Snake:2)
  Nikola (Snake:1)
  Jorgrun (Orc:1)
  A sphinx (Vaults:1)
  3 krakens
  Kirke (D:15)
  Gastronok (D:9)
  Aizul (Snake:4)
  Roxanne (D:15)
  Ilsuiw (Shoals:4)
  6 nagarajas (Snake:4)
  Donald (Shoals:2)
  2 vault wardens (Vaults:1)
  An orc warlord (Vaults:1)
  4 ironbound preservers (Vaults:1)
  The ghost of jestert79 the Grappler, a journeyman TrEE of Kikubaaqudgha (Lair:4)
  2 ironbound thunderhulks (Vaults:1)
  A stone giant (Vaults:1)
  A deep elf demonologist (Elf:1)
  2 deep elf death magi (Elf:1)
  5 dire elephants
  Azrael (Orc:2)
  A deep elf annihilator (Elf:2)
  3 merfolk javelineers
  10 merfolk impalers
  A fire dragon (D:15)
  3 yaktaur captains (Vaults:1)
  2 great orbs of eyes (Vaults:1)
  3 vault guards (D:14)
  4 salamander tyrants
  6 hydras
  An alligator snapping turtle (Shoals:4)
  A catoblepas (Lair:3)
  2 merfolk avatars (Shoals:4)
  2 ironbound frosthearts (Vaults:1)
  4 merfolk aquamancers (Shoals:4)
  3 satyrs
  5 centaur warriors
  13 naga warriors
  Erica (Orc:1)
  2 boulder beetles
  3 tengu warriors
  6 anacondas
  9 death yaks (Lair:5)
  18 dancing weapons
  Urug (Lair:1)
  A hell knight (D:15)
  3 deep elf knights (Elf:2)
  5 orc high priests
  Nergalle (Orc:1)
  6 naga sharpshooters
  A salamander mystic (Snake:2)
  A sun demon (Lair:5)
  9 shock serpents
  Sonja (D:13)
  3 skysharks
  5 skeletal warriors (D:14)
  Amaemon (Lair:3)
  10 sea snakes
  A mana viper (Snake:4)
  3 naga ritualists
  11 deep trolls (Vaults:1)
  4 arcanists
  A phantasmal warrior (Vaults:1)
  9 deep elf archers
  4 harpies
  4 ironbound convokers (Vaults:1)
  3 lindwurms (Vaults:1)
  11 deep elf zephyrmancers
  6 orc knights
  3 necromancers
  A lindwurm (shapeshifter) (D:15)
  11 deep elf pyromancers
  5 orc sorcerers (Orc:2)
  16 ugly things
  Maurice (D:9)
  10 salamanders
  9 manticores
  4 cyclopes
  10 fauns
  4 elephants (Lair:5)
  8 water nymphs
  5 kobold blastminers
  23 black mambas
  6 vault sentinels (Vaults:1)
  3 merfolk sirens (Shoals:4)
  9 guardian serpents
  14 naga magi
  4 orange demons
  16 cane toads
  An unseen horror (D:12)
  9 rime drakes
  5 komodo dragons
  An ice devil (Lair:5)
  An efreet (D:15)
  3 tengu conjurers
  25 merfolk
  9 yaktaurs
  8 trolls
  A hellwing (Lair:5)
  A guardian mummy (D:11)
  A red devil (Lair:5)
  3 wind drakes
  A polar bear (Lair:5)
  A queen bee (D:9)
  A raiju (Orc:2)
  3 dream sheep (Shoals:2)
  9 blink frogs
  13 snapping turtles
  An air elemental (Elf:1)
  6 slime creatures
  3 wraiths
  2 water elementals
  4 fire elementals
  13 humans (D:14)
  2 shadows
  49 yaks
  12 wyverns
  4 basilisks
  A fire bat (Orc:2)
  3 steam dragons
  A warg (Orc:2)
  Grum (D:8)
  5 vampire mosquitoes
  24 nagas
  5 hell hounds
  14 water moccasins
  3 acid dragons
  28 orc warriors
  2 black bears
  3 ogres
  13 wolves
  10 centaurs
  5 phantoms
  7 kobold brigands
  14 bullfrogs
  A gnoll sergeant (D:12)
  A scorpion (D:4)
  26 killer bees (D:9)
  3 howler monkeys (D:8)
  An electric eel (Lair:2)
  5 jellies
  6 hounds
  2 bombardier beetles
  19 orc priests
  An iguana (D:5)
  Terence (D:3)
  33 orc wizards
  11 hell rats
  3 gnolls (D:12)
  3 river rats
  8 adders
  A shadow imp (D:6)
  5 white imps
  An ufetubus (D:6)
  A dart slug (D:2)
  5 ribbon worms
  88 orcs
  7 ball pythons
  22 endoplasms
  4 giant cockroaches
  9 goblins
  6 hobgoblins
  6 jackals
  A quokka (D:1)
  4 bats
  9 frilled lizards
  29 kobolds
  10 rats
  A butterfly (Lair:1)
  7 tentacles
1080 creatures vanquished.

Vanquished Creatures (collateral kills)
  2 nagarajas (Snake:4)
  2 ironbound preservers (Vaults:1)
  2 ironbound thunderhulks (Vaults:1)
  A dire elephant (Vaults:1)
  2 merfolk javelineers
  2 salamander tyrants (Snake:4)
  A great orb of eyes (Vaults:1)
  3 hydras
  An ironbound frostheart (Vaults:1)
  2 anacondas (Snake:4)
  2 centaur warriors (Vaults:1)
  3 merfolk aquamancers
  A merfolk avatar (Shoals:1)
  A two-headed ogre (D:11)
  A satyr (Shoals:4)
  3 death yaks (Lair:5)
  A shock serpent (Snake:4)
  2 naga sharpshooters
  7 naga warriors
  3 skysharks
  A sea snake (Shoals:4)
  A slime creature (Vaults:1)
  3 deep trolls (Vaults:1)
  A naga ritualist (Snake:4)
  A mana viper (Snake:2)
  An ironbound convoker (Vaults:1)
  3 harpies
  3 lindwurms (Vaults:1)
  2 fauns (Shoals:2)
  A cyclops (D:14)
  2 deep elf pyromancers
  An ugly thing (D:12)
  7 salamanders
  5 manticores
  3 meliai (D:14)
  3 elephants (Lair:5)
  5 merfolk sirens
  A vault sentinel (Vaults:1)
  7 black mambas
  3 guardian serpents
  5 cane toads
  5 naga magi
  2 rime drakes (Lair:3)
  An efreet (D:13)
  An ice devil (Lair:5)
  2 komodo dragons (Lair:5)
  A red devil (Lair:5)
  A wind drake (Shoals:2)
  7 merfolk
  5 blink frogs
  2 shadows
  4 yaks
  A basilisk (Lair:3)
  A fire elemental (Orc:2)
  2 water elementals (Shoals:2)
  2 wyverns
  5 humans (D:14)
  A vampire mosquito (D:15)
  19 nagas
  A water moccasin (Lair:5)
  3 hell hounds
  A black bear (Lair:2)
  2 orc warriors
  A centaur (D:13)
  2 bullfrogs
  2 orc priests
  An orc wizard (Orc:2)
  A gnoll (D:12)
  10 orcs
  A butterfly (Lair:1)
188 creatures vanquished.

Vanquished Creatures (others)
  An orc warlord (Vaults:1)
  A yaktaur captain (Vaults:1)
  A catoblepas (D:15)
  A deep elf knight (Snake:1)
  4 anaconda zombies
  A lindwurm (Vaults:1)
  A deep elf pyromancer (Elf:2)
  3 ugly thing zombies
  2 deep elf zephyrmancers
  A stone giant zombie (Vaults:1)
  2 dire elephant zombies (Snake:1)
  A dwarf zombie (Orc:1)
  2 shock serpent zombies (Snake:4)
  A naga mage (Snake:2)
  A mana viper zombie (Snake:4)
  A guardian serpent (Snake:4)
  A black mamba (Snake:4)
  9 death yak zombies (Lair:5)
  5 sea snake zombies
  2 hydra zombies
  5 harpy zombies
  4 guardian serpent zombies
  7 black mamba zombies
  A wind drake zombie (Shoals:2)
  9 merfolk zombies
  9 deep troll zombies (Vaults:1)
  3 cane toad zombies
  7 human zombies
  4 water nymph zombies
  2 manticore zombies (Shoals:4)
  4 lindwurm zombies
  3 snapping turtle zombies
  2 elephant zombies (Lair:5)
  13 elf zombies
  5 blink frog zombies
  A centaur (D:13)
  An octopode zombie (Orc:1)
  2 kobold zombies (Orc:2)
  A rime drake zombie (Lair:4)
  7 salamander zombies
  2 komodo dragon zombies
  4 yaktaur zombies (Vaults:1)
  2 hell hound zombies (Orc:2)
  6 wyvern zombies
  A water moccasin zombie (Lair:3)
  2 tengu zombies
  4 yak zombies
  2 troll zombies
  A demonspawn zombie (Lair:3)
  3 bullfrog zombies (Lair:4)
  6 centaur zombies
  An orc wizard (Orc:2)
  6 killer bee zombies (D:9)
  4 ogre zombies
  24 naga zombies
  A gnoll (D:15)
  An ufetubus (D:6)
  3 orcs
  45 orc zombies
  42 tentacles
291 creatures vanquished.

Grand Total: 1559 creatures vanquished

Notes
Turn   | Place    | Note
-------+----------+-------------------------------------------
     0 | D:1      | jestert79 the Merfolk Shapeshifter began the quest for the
                  | Orb.
     0 | D:1      | Reached XP level 1. HP: 15/15 MP: 1/1
   121 | D:1      | Reached XP level 2. HP: 17/21 MP: 2/2
   545 | D:1      | Reached XP level 3. HP: 21/26 MP: 3/3
   631 | D:1      | Found a faded altar of an unknown god.
   934 | D:2      | Reached skill level 5 in Shapeshifting
   999 | D:2      | Reached XP level 4. HP: 21/32 MP: 4/4
  1049 | D:2      | Got Sif Muna's Directory of the Frostbitten Maleficium
  1182 | D:2      | Found Nademiyv's Antique Weapon Boutique.
  1358 | D:3      | Found a runed translucent door.
  1358 | D:3      | Noticed a bullfrog
  1359 | D:3      | Noticed michknight7's ghost (amateur MiBe)
  1372 | D:3      | Found an ornate altar of the Wu Jian Council.
  1444 | D:3      | Found a white marble altar of Elyvilon.
  1483 | D:3      | Noticed Terence
  1504 | D:3      | Killed Terence
  1657 | D:3      | Found a hazy altar of Hepliaklqana.
  1739 | D:3      | Found a basalt altar of Yredelemnul.
  1764 | D:3      | Identified the +1 robe "Meoconk" {Int+3 Stlth-}
  2082 | D:4      | Reached XP level 5. HP: 34/37 MP: 5/5
  2132 | D:4      | Found a glowing drain.
  2149 | D:3      | Reached skill level 5 in Unarmed Combat
  2258 | Sewer    | Entered a sewer
  2426 | Sewer    | Reached XP level 6. HP: 36/43 MP: 6/6
  2470 | Sewer    | Found a viscous altar of Jiyva.
  3060 | D:4      | Found a staircase to the Ecumenical Temple.
  3066 | Temple   | Entered the Ecumenical Temple
  3076 | Temple   | Became a worshipper of Kikubaaqudgha
  3098 | D:4      | Reached XP level 7. HP: 38/48 MP: 7/7
  3373 | D:5      | Entered Level 5 of the Dungeon
  3544 | D:5      | Found Facs's Book Shop.
  3565 | D:5      | You fall into a shaft and drop 2 floors!
  3710 | D:6      | Noticed a steam dragon
  3712 | D:6      | Reached XP level 8. HP: 52/58 MP: 8/8
  3886 | D:6      | Reached skill level 5 in Dodging
  3966 | D:6      | Found a snail-covered altar of Cheibriados.
  4207 | D:5      | Reached * piety under Kikubaaqudgha
  4207 | D:5      | Received a gift from Kikubaaqudgha
  4213 | D:5      | Learned a level 4 spell: Animate Dead
  4365 | D:5      | Found a glowing golden altar of the Shining One.
  4750 | D:6      | Identified the +5 plate armour of Resourcefulness {rC-
                  | rCorr Str+4 Int+2}
  4915 | D:6      | Reached skill level 1 in Spellcasting
  4915 | D:6      | Reached XP level 9. HP: 24/66 MP: 10/10
  5115 | D:6      | Found a glowing golden altar of the Shining One.
  5115 | D:6      | Found a white marble altar of Elyvilon.
  5115 | D:6      | Found a glowing silver altar of Zin.
  5115 | D:6      | Found an iron altar of Okawaru.
  5115 | D:6      | Found an opulent altar of Gozag.
  5115 | D:6      | Found a blossoming altar of Fedhas.
  5157 | D:6      | Reached skill level 1 in Necromancy
  5462 | D:6      | Reached skill level 5 in Fighting
  5672 | D:6      | Identified the +0 robe "Vapteaw" {Stlth+}
  6510 | D:8      | Found a staircase to the Lair.
  6516 | D:8      | Identified the +3 leather armour of Least Resistance {Dex+2
                  | Stlth+}
  6529 | D:8      | Reached ** piety under Kikubaaqudgha
  7116 | D:8      | Reached skill level 10 in Shapeshifting
  7119 | D:8      | Noticed Grum
  7121 | D:8      | Reached XP level 10. HP: 51/75 MP: 12/12
  7131 | D:8      | Killed Grum
  7136 | D:8      | Reached skill level 10 in Unarmed Combat
  7374 | D:8      | Reached *** piety under Kikubaaqudgha
  7374 | D:8      | Received a gift from Kikubaaqudgha
  7834 | Lair:1   | Entered Level 1 of the Lair of Beasts
  8093 | Lair:1   | Noticed Urug
  8270 | Lair:1   | Identified the +0 leather armour of the Moon {^Contam rPois
                  | rN+}
  8297 | Lair:1   | Killed Urug
  8298 | Lair:1   | Reached skill level 5 in Necromancy
  8298 | Lair:1   | Reached XP level 11. HP: 62/81 MP: 14/14
  9723 | Lair:2   | Found a frozen archway.
  9767 | IceCv    | Entered an ice cave
  9833 | Lair:2   | Reached **** piety under Kikubaaqudgha
 10070 | Lair:2   | Reached skill level 10 in Necromancy
 10070 | Lair:2   | Reached XP level 12. HP: 87/88 MP: 15/15
 10153 | Lair:2   | Found a shimmering blue altar of Sif Muna.
 10627 | Lair:3   | Found a staircase to the Snake Pit.
 10699 | Lair:3   | Noticed Amaemon
 10815 | Lair:3   | Killed Amaemon
 10968 | Lair:3   | Your ally Amaemon died
 10980 | Lair:3   | Reached ***** piety under Kikubaaqudgha
 11270 | Lair:3   | Found a staircase to the Shoals.
 11421 | Lair:3   | Found a runed translucent door.
 11422 | Lair:3   | Noticed Deed's ghost (journeyman MiFi)
 11576 | Lair:3   | Reached skill level 10 in Dodging
 11592 | Lair:3   | Reached XP level 13. HP: 98/98 MP: 14/16
 12207 | Lair:4   | Found a runed translucent door.
 12277 | Lair:4   | HP: 6/120 [blink frog (3)]
 12581 | Lair:4   | Found a viscous altar of Jiyva.
 12581 | Lair:4   | Found a staircase to the Slime Pits.
 12631 | Lair:4   | Learned a level 3 spell: Ozocubu's Armour
 12698 | Lair:4   | Reached skill level 1 in Ice Magic
 12973 | Lair:4   | You fall into a shaft and drop 1 floor!
 12973 | Lair:5   | Entered Level 5 of the Lair of Beasts
 13015 | Lair:5   | Noticed a dire elephant
 13045 | Lair:5   | Reached skill level 5 in Ice Magic
 13145 | Lair:5   | Learned a level 5 spell: Freezing Cloud
 13231 | Lair:5   | Reached skill level 1 in Conjurations
 13231 | Lair:5   | Reached skill level 1 in Air Magic
 13274 | Lair:5   | Killed a dire elephant
 13416 | Lair:4   | Found a shimmering altar of Xom.
 13416 | Lair:4   | Noticed jestert79's ghost (journeyman TrEE)
 13740 | Lair:5   | Reached XP level 14. HP: 108/108 MP: 11/18
 14408 | Lair:5   | Found a burning altar of Makhleb.
 14482 | Lair:5   | Reached ****** piety under Kikubaaqudgha
 14689 | Lair:5   | Found a gateway to Hell.
 15055 | D:9      | Noticed Gastronok
 15073 | D:9      | Killed Gastronok
 15330 | D:9      | Noticed Maurice
 15471 | D:9      | Reached skill level 5 in Conjurations
 15506 | D:9      | Reached skill level 5 in Air Magic
 15649 | D:9      | Something stole a flux talisman
 15651 | D:9      | Something stole a +6 ring of dexterity
 15652 | D:9      | Something stole 5 curare-tipped darts
 15672 | D:9      | Something stole 67 gold
 15674 | D:9      | Something stole 798 gold
 15675 | D:9      | Something stole 208 gold
 15676 | D:9      | Something stole 284 gold
 15677 | D:9      | Killed Maurice
 15860 | D:10     | Entered Level 10 of the Dungeon
 15860 | D:10     | Noticed puppykicker's ghost (journeyman OnSu)
 15860 | D:10     | Found the +3 pair of seven-league boots {Rampage+∞}
 15860 | D:10     | Found a transporter.
 15939 | D:10     | Found a transporter.
 15940 | D:10     | Identified the +2 great mace "Qobej" {pain, Str+4}
 15940 | D:10     | Identified the +4 dire flail "Ruontuish" {heavy, +Blink
                  | rPois rC- rN++}
 16486 | D:10     | Found a hide-covered altar of Uskayaw.
 16491 | D:10     | Found a stormy altar of Qazlal.
 16968 | D:11     | Found a portal to a secret trove of treasure.
 17868 | D:5      | Bought a book of Touch for 242 gold pieces
 17873 | D:5      | Learned a level 4 spell: Dispel Undead
 18158 | D:11     | Found a runed translucent gate.
 18158 | D:11     | Found a runed translucent gate.
 18158 | D:11     | Found a runed translucent gate.
 18159 | D:11     | Noticed Jokingforfun's ghost (journeyman VSBr)
 18197 | D:12     | Found a staircase to the Orcish Mines.
 18668 | D:12     | Reached XP level 15. HP: 113/113 MP: 21/21
 18920 | D:12     | Reached skill level 10 in Ice Magic
 19031 | D:12     | Found Mekhyri's General Store.
 19176 | Orc:1    | Entered Level 1 of the Orcish Mines
 19316 | Orc:2    | Entered Level 2 of the Orcish Mines
 19401 | Orc:1    | Noticed Jorgrun
 19536 | Orc:1    | Killed Jorgrun
 19604 | Orc:1    | Noticed Nergalle
 19627 | Orc:1    | Killed Nergalle
 19663 | Orc:1    | Noticed Erica
 19680 | Orc:1    | Your ally Jorgrun died
 19705 | Orc:1    | Killed Erica
 19879 | Orc:1    | Your ally Erica died
 20131 | Orc:2    | Found a staircase to the Elven Halls.
 20421 | Orc:2    | Noticed Azrael
 20448 | Orc:2    | Killed Azrael
 21257 | Orc:2    | Found a shimmering altar of Xom.
 21432 | Orc:2    | Found a shimmering altar of Xom.
 21542 | Orc:2    | Found Bilenica's Weapon Boutique.
 21550 | Orc:2    | Found Peutur's Jewellery Shoppe.
 21551 | Orc:2    | Found Jouxybry's Antique Weapon Boutique.
 21552 | Orc:2    | Found Fieps's Assorted Antiques.
 21574 | Orc:2    | Bought the amulet of the Four Winds {rN+ Will+++ Clar} for
                  | 667 gold pieces
 21574 | Orc:2    | Found the amulet of the Four Winds {rN+ Will+++ Clar}
 21896 | D:13     | Noticed Sonja
 21899 | D:13     | Killed Sonja
 22433 | D:14     | Reached skill level 5 in Spellcasting
 23335 | D:15     | Entered Level 15 of the Dungeon
 23437 | D:15     | Reached XP level 16. HP: 61/120 MP: 16/24
 23651 | D:15     | Noticed Roxanne
 23706 | D:15     | Found Uwutoz's Weapon Boutique.
 24025 | D:15     | Found a staircase to the Depths.
 24153 | D:15     | Found Fowi's Assorted Antiques.
 24362 | D:15     | Found Hyty's Weapon Emporium.
 24380 | D:15     | Found Ukkui's Antique Weapon Shoppe.
 24468 | D:15     | Noticed Kirke
 24479 | D:15     | Killed Kirke
 24567 | D:15     | Killed Roxanne
 24818 | Snake:1  | Entered Level 1 of the Snake Pit
 24872 | Snake:1  | Reached skill level 10 in Fighting
 24969 | Snake:1  | Found a large runed translucent door.
 24969 | Snake:1  | Found a large runed translucent door.
 24974 | Snake:1  | Noticed Ruich's ghost (adept OnEE)
 25024 | Snake:1  | Noticed Nikola
 25290 | Snake:1  | Killed Nikola
 25766 | Snake:1  | Reached skill level 1 in Stealth
 25850 | Snake:1  | Reached skill level 15 in Shapeshifting
 26586 | Snake:2  | Noticed Vashnia
 26669 | Snake:2  | Found Lemeic's Jewellery Shoppe.
 26674 | Snake:2  | Bought the amulet of Zuviec {Reflect Dex+2 SH+5} for 576
                  | gold pieces
 27006 | Snake:2  | Reached skill level 5 in Stealth
 28090 | Snake:2  | Reached XP level 17. HP: 128/128 MP: 23/26
 28765 | Snake:2  | Reached skill level 1 in Shields
 28787 | Snake:2  | Killed Vashnia
 29978 | Snake:3  | Found a runed translucent gate.
 29978 | Snake:3  | Found a runed translucent gate.
 29978 | Snake:3  | Found a runed translucent gate.
 29979 | Snake:3  | Noticed croobank's ghost (adept FeSu)
 30359 | Snake:4  | Entered Level 4 of the Snake Pit
 30425 | Snake:4  | Identified the serpent talisman "Heuczoebemp" {+Blink}
 30425 | Snake:4  | Noticed Aizul
 30432 | Snake:4  | Reached skill level 15 in Unarmed Combat
 30432 | Snake:4  | Killed Aizul
 30466 | Snake:4  | Reached skill level 5 in Shields
 30792 | Snake:4  | Found Paqe Ner's Antique Weapon Shop.
 31770 | Snake:4  | Reached XP level 18. HP: 133/134 MP: 27/27
 32041 | Snake:4  | Got a serpentine rune of Zot
 32360 | Lair:4   | Killed jestert79's ghost
 32376 | Lair:4   | Learned a level 4 spell: Vhi's Electric Charge
 32427 | Shoals:1 | Entered Level 1 of the Shoals
 32554 | Shoals:1 | Reached skill level 1 in Translocations
 33131 | Shoals:1 | Found a glowing golden altar of the Shining One.
 33959 | Shoals:2 | Noticed Donald
 33969 | Shoals:2 | Killed Donald
 34379 | Shoals:2 | Reached skill level 5 in Translocations
 36147 | Shoals:4 | Entered Level 4 of the Shoals
 36299 | Shoals:4 | Noticed Ilsuiw
 36707 | Orc:2    | Bought a ring of see invisible for 165 gold pieces
 37406 | Shoals:4 | Killed Ilsuiw
 37506 | Shoals:4 | Reached XP level 19. HP: 137/143 MP: 25/28
 37511 | Shoals:4 | Got Doelil's Annotations on Fever and Reformation
 38399 | Shoals:4 | Got a barnacled rune of Zot
 38560 | Shoals:4 | Identified the +6 falchion "Tuky" {freeze, rPois Str+5
                  | Int-2}
 39564 | D:14     | Found a gate to the Vaults.
 39648 | Vaults:1 | Entered Level 1 of the Vaults
 39840 | Vaults:1 | Found Amafymu's Book Emporium.
 39847 | Vaults:1 | Bought Great Wizards, Vol. VII for 600 gold pieces
 40977 | Vaults:1 | Reached skill level 10 in Shields
 41419 | Vaults:1 | Reached XP level 20. HP: 155/155 MP: 29/29
 41784 | Vaults:1 | Identified the ring "Arisko" {Fire Str+2}
 41934 | Elf:1    | Entered Level 1 of the Elven Halls
 41976 | Elf:1    | Found Futs's Distillery.
 41988 | Elf:1    | Found Xiryu's Jewellery Emporium.
 41988 | Elf:1    | Found Wyonantu's Armour Shoppe.
 41991 | Elf:1    | Found Iwemui Wyiv's Assorted Antiques.
 42004 | Elf:1    | Bought a scarf of resistance for 576 gold pieces
 42259 | Elf:1    | Got the Atlas of Accompaniment
 43725 | Elf:2    | Found a runed translucent gate.
 43726 | Elf:2    | Found a runed translucent gate.
 43726 | Elf:2    | Found a runed translucent gate.
 43884 | Elf:2    | HP: 8/205 [+5 heavy glaive (19)]
 43886 | Elf:2    | Slain by a +5 heavy glaive

Illustrated notes

Levels and vault maps discovered:
D:1:      dpeg_arrival_solitude, layout_rooms,
          shapermc_ecumenical_altar_mp_highgroup
D:2:      minmay_skewed_foursquare, layout_rooms, serial_shops,
          nicolae_shop_hallway_plus, chequers_serial_rivers_marsh,
          lexackson_kobold_supper
D:3:      layout_loops_ring, lemuel_tele_altar,
          nicolae_hepliaklqana_hazy_memory, mainiacjoe_overflow_alcove_2,
          elyvilon_altar_4, ebering_ghost_sewer_d,
          hangedman_decor_clover_reticule, uniq_terence
D:4:      layout_basic, minmay_temple_entry_offerings,
          cheibrodos_sewer_entry_sluice, minmay_cupped
D:5:      layout_loops_cross, mainiacjoe_overflow_chevrons, serial_shops, shop
D:6:      cheibrodos_fertilizer, layout_cave_pools, kennysheep_mini_moat
D:7:      layout_rooms
D:8:      layout_loops_ring, lair_entry_dummy, minmay_orc_keep, uniq_grum
D:9:      layout_roguey [special_room_bee], uniq_gastronok, uniq_maurice
D:10:     nicolae_cairo_tiling, layout_loops_ring,
          mainiacjoe_overflow_large_starburst, gammafunk_ghost_smash
D:11:     layout_basic, nicolae_trove_entry_path_of_doom,
          gammafunk_ghost_nasty_kobolds, minmay_microvault
D:12:     layout_roguey, minmay_orc_entry_temple_small, serial_shops, shop
D:13:     layout_rooms, uniq_sonja
D:14:     layout_small_grid, grunt_vaults_entry_tiered, kennysheep_small_spiral
D:15:     hangedman_depths_entry_civil_slaughter, layout_irregular_city,
          serial_shops, nicolae_shop_trees, nicolae_shop_bloodbath_and_beyond,
          nicolae_shop_advertising_works [nicolae_subvault_shop_adworks], shop,
          chequers_decorated_corner, uniq_kirke, uniq_roxanne
Temple:   compressed_dpeg_circular_temple
Lair:1:   layout_loops_ring, lemuel_fruit_fields, serial_bayou_shore_a,
          uniq_urug
Lair:2:   hellmonk_ruined_rings, layout_small_grid,
          portal_ice_cave_entry_pillars_1, basic_altar, gammafunk_lair_bear_cave
Lair:3:   layout_cave_pods, mainiacjoe_shoals_entry_four_pools,
          minmay_snake_entry_guardpost_small, ebering_ghost_inner_flame,
          special_room [special_room_mythical_zoo], uniq_amaemon
Lair:4:   layout_roguey, dpeg_slime_entry_enclosed, ebering_ghost_xom,
          beast_lair_carwin_11
Lair:5:   evil_forest, layout_hall_layers
Shoals:1: layout_shoals, wheals_shoals_ruined_temple
Shoals:2: layout_shoals, uniq_donald
Shoals:3: layout_shoals, nicolae_shoals_this_corrosion
Shoals:4: shoals_end_simple, layout_shoals, shoals_ilsuiw_ice,
          nicolae_shoals_shepherds
Snake:1:  layout_misc_corridors, ebering_ghost_disaster_area,
          beargit_elvish_explorers, uniq_nikola
Snake:2:  layout_basic, serial_shops, nicolae_square_shop, uniq_vashnia
Snake:3:  layout_misc_corridors, ebering_ghost_rock_garden
Snake:4:  snake_hunt, layout_cave_town, grunt_megastairs_4, minmay_shop_star,
          uniq_aizul
Orc:1:    layout_caves, uniq_jorgrun, uniq_nergalle, uniq_erica
Orc:2:    st_orc_elflike, layout_diamond_mine, serial_shops, bzr_firewalk,
          basic_altar, regret_index_xom_of_box, uniq_azrael
Elf:1:    layout_gridlike, minmay_elf_demonology, minmay_shoptagon
Elf:2:    nicolae_elf_blades_crystal_corner, layout_gridlike
Vaults:1: nicolae_vaults_diamond_1, nicolae_vaults_spaceships,
          nicolae_vaults_offset_grid_hallway_2, hangedman_vaults_variations,
          grunt_vaults_focal, vaults_room_corners, kb_rosetta,
          vaults_room_octagon, vaults_standard_mumra_x, v_misc_16,
          vaults_dpeg_ring, nicolae_vaults_triangles, v_misc_27,
          nicolae_vaults_specimen_jars, nicolae_vaults_tetromino_T_1,
          nicolae_vaults_storage_room_glass, layout_vaults_maze, serial_shops,
          shop

Skill      XL: |  1  2  3  4  5  6  7  8  9 10 11 12 13 14 15 16 17 18 19 20 |
---------------+-------------------------------------------------------------+-----
Unarmed Combat | 4 5 6 7 9 10 12 13 16 17 18 | 18.9
Shapeshifting  | 5 6 7 8 10 12 13 16 18 | 18.7
Dodging        | 3 4 6 7 10 11 12 | 12.0
Fighting       | 3 4 5 6 8 9 10 11 12 13 | 13.7
Spellcasting   | 1 2 3 4 5 6 |  6.0
Necromancy     | 1 5 10 | 10.0
Ice Magic      | 7 9 11 | 11.6
Conjurations   | 2 5 7 |  7.6
Air Magic      | 2 5 7 8 |  8.4
Stealth        | 5 |  5.0
Shields        | 6 8 10 | 10.9
Translocations | 5 |  5.0

Action                     |  1- 3 |  4- 6 |  7- 9 | 10-12 | 13-15 | 16-18 | 19-21 || total
---------------------------+-------+-------+-------+-------+-------+-------+-------++-------
  Melee: Unarmed           |    91 |   168 |   359 |   391 |  1078 |  1056 |   609 ||  3752
         Punch             |       |     9 |    21 |     3 |       |       |       ||    33
         Tailslap          |       |     2 |       |       |       |    23 |     9 ||    34
         Constrict         |       |       |       |    94 |   214 |    67 |       ||   375
  Throw: Dart              |       |       |     3 |     1 |       |    11 |     9 ||    24
   Cast: Animate Dead      |       |       |       |    10 |    42 |    59 |    22 ||   133
         Ozocubu's Armour  |       |       |       |       |    20 |    15 |     5 ||    40
         Freezing Cloud    |       |       |       |       |     1 |    10 |       ||    11
         Dispel Undead     |       |       |       |       |     8 |       |       ||     8
         Vhi's Electric Ch |       |       |       |       |       |     6 |    34 ||    40
 Invoke: Unearth Wretches  |       |       |       |       |       |     1 |     1 ||     2
  Evoke: Wand              |       |       |       |     1 |    14 |    19 |     2 ||    36
         Sack of spiders   |       |       |       |       |     1 |     1 |       ||     2
         Phantom mirror    |       |       |       |       |       |     1 |       ||     1
    Use: Scroll            |       |     1 |    13 |     4 |     8 |     5 |     9 ||    40
         Potion            |       |       |       |     1 |     3 |     7 |     4 ||    15
   Stab: Sleeping          |     1 |     1 |     2 |     2 |       |     7 |     5 ||    18
         Distracted        |       |     1 |     2 |     5 |    10 |    18 |    19 ||    55
         Held in net/web   |       |       |       |       |     1 |       |       ||     1
         Paralysed         |       |       |       |       |       |     1 |       ||     1
 Armour: Animal skin       |    49 |    78 |    45 |       |       |       |       ||   172
         Steam dragon scal |       |       |   115 |       |       |       |       ||   115
         Leather armour    |       |       |    33 |    21 |       |       |       ||    54
         Skin              |       |       |       |   202 |   789 |   996 |   522 ||  2509
  Dodge: Dodged            |    52 |    67 |   230 |   244 |   818 |  1355 |   613 ||  3379
  Block: Other             |       |       |       |       |       |    10 |       ||    10
         Reflection        |       |       |       |       |       |    33 |       ||    33
         Buckler           |       |       |       |       |       |   529 |   277 ||   806
   Form: Serpent           |       |       |       |     1 |       |       |       ||     1
         Statue            |       |       |       |       |       |     1 |       ||     1
